 Dungeon Crawl Stone Soup version 0.16.1-30-g34a7ffa (webtiles) character file.

139 RepoMan the Grasshopper (level 5, -1/41 HPs)
             Began as a Ghoul Warper on June 22, 2015.
             Slain by an orc wizard
             ... wielding a +0 dagger
              (3 damage)
             ... on level 3 of the Dungeon on June 23, 2015.
             The game lasted 00:25:44 (2873 turns).

RepoMan the Grasshopper (Ghoul Warper)              Turns: 2873, Time: 00:25:44

Health: -1/41      AC:  4    Str: 15    XL:     5   Next: 22%
Magic:  10/10      EV: 11    Int:  9    God:
Gold:   211        SH:  0    Dex:  8    Spells: 3 memorised, 5 levels left

rFire  . . .     SeeInvis .       - Unarmed
rCold  + . .     Clarity  .     b - +0 leather armour
rNeg   + + +     SustAb   .     (no shield)
rPois  ∞         Gourm    .     f - +0 helmet
rElec  .         Spirit   .     (no cloak)
rCorr  .         Warding  .     (no gloves)
rMut   .         Stasis   .     (no boots)
MR     .....                    (no amulet)
Stlth  +.........               (no ring)
                                (no ring)

@: rotting, not resistant to hostile enchantments, very unstealthy
A: rotting body, claws 1, carnivore 3, cold resistance 1, negative energy
resistance 3, poison resistance, slow healing 1, torment resistance, unbreathing
a: no special abilities


You were on level 3 of the Dungeon.
You were not hungry.

You visited 2 branches of the dungeon, and saw 5 of its levels.

You collected 211 gold pieces.

Inventory:

Missiles
 i - 44 bolts
 j - 17 stones (quivered)
 n - 12 bolts of flame
 x - 4 tomahawks
 B - 20 sling bullets of frost
Armour
 b - a +0 leather armour (worn)
 f - a +0 helmet (worn)
Magical devices
 w - a wand of frost (26)
Scrolls
 h - 2 scrolls of enchant weapon {unknown}
 k - 7 scrolls of enchant armour {unknown}
 l - 2 scrolls of teleportation {unknown}
 m - 3 scrolls of remove curse {unknown}
 q - a scroll of noise {unknown}
 r - 2 scrolls of identify {unknown}
 u - a scroll of magic mapping {unknown}
 y - a scroll of recharging {unknown}
Potions
 a - a potion of resistance
 p - a potion of poison
 v - 2 potions of might
 A - a potion of ambrosia {unknown}
Books
 c - a book of Spatial Translocations

   Spells                             Type                      Level
   a - Apportation                    Translocation                1
   b - Blink                          Translocation                2
   c - Shroud of Golubria             Charms/Translocation         2
   d - Portal Projectile              Translocation                3
   e - Teleport Other                 Translocation                3
   f - Passage of Golubria            Translocation                4
Comestibles
 g - a meat ration
 t - 2 beef jerkies


   Skills:
 - Level 2.1 Fighting
 - Level 0.8 Throwing
 - Level 0.8 Armour
 - Level 1.7 Dodging
 + Level 2.8 Unarmed Combat
 + Level 3.1 Spellcasting
 + Level 4.0 Translocations


You had 5 spell levels left.
You knew the following spells:

 Your Spells              Type           Power        Failure   Level  Hunger
a - Apportation           Tloc           #.........   10%         1    ##.....
b - Blink                 Tloc           N/A          12%         2    ###....
c - Shroud of Golubria    Chrm/Tloc      #.........   28%         2    ###....


Dungeon Overview and Level Annotations

Branches:
Dungeon (4/15)             Temple (1/1) D:4

Altars:
Ashenzari
Cheibriados
Dithmenos
Elyvilon
Gozag
Makhleb
Nemelex Xobeh
Okawaru
Ru
Sif Muna
Trog
Yredelemnul
Zin
The Shining One


Innate Abilities, Weirdness & Mutations

Your body is rotting away.
You thrive on raw meat.
You have sharp fingernails.
You are carnivorous and can eat meat at any time.
Your flesh is cold resistant.
You are immune to negative energy.
Your system is resistant to poisons.
You heal slowly when monsters are visible.
You are immune to unholy pain and torment.
You can survive without breathing.


Message History

The orc wizard is severely wounded.
The orc wizard barely misses you.
You scratch the orc wizard.
The orc wizard is almost dead.
The orc wizard hits you but does no damage.
You barely miss the orc wizard.
The orc wizard is almost dead.
The orc wizard hits you but does no damage.
You scratch the orc wizard but do no damage.
The orc wizard is almost dead.
The orc wizard hits you with a dagger.
* * * LOW HITPOINT WARNING * * *
The orc closely misses you.
You barely miss the orc wizard.
The orc wizard is almost dead.
The orc wizard hits you but does no damage.
You closely miss the orc wizard.
The orc wizard is almost dead.
The orc misses you. The orc wizard hits you with a dagger.
You die...

.##.# #..###.####.# #..#
.##.#######..###.# #.# ######.##
.##..............####o###.....##
.........###.........[....#.##.##
#####..#.........#.##.#.........#
##...###<#####.##>##########.
##.## #.# #.##.# ##
#.####.#####.##(#
#.....(..o@o(((.#
#################


You could see an orc wizard (bleeding) and an orc.

Vanquished Creatures
  A worker ant (D:4)
  An adder (D:2)
  3 worms (D:2)
  A giant gecko (D:1)
  An ooze (D:1)
  7 orcs
  7 bats
  A bat zombie (D:4)
  9 hobgoblins
  7 jackals
  2 ball pythons
  9 giant cockroaches
  6 giant newts
  4 goblins (D:1)
  6 kobolds
  2 quokkas
  8 rats
75 creatures vanquished.

Notes
Turn   | Place    | Note
--------------------------------------------------------------
     0 | D:1      | RepoMan, the Ghoul Warper, began the quest for the Orb.
     0 | D:1      | Reached XP level 1. HP: 17/17 MP: 2/2
   211 | D:1      | Reached XP level 2. HP: 18/24 MP: 4/4
   218 | D:1      | Learned a level 2 spell: Blink
   345 | D:1      | Reached skill level 3 in Translocations
   821 | D:1      | Reached XP level 3. HP: 19/29 MP: 4/6
  1066 | D:2      | Found a shadowy altar of Dithmenos.
  1391 | D:2      | Reached XP level 4. HP: 36/36 MP: 7/7
  1819 | D:3      | Learned a level 2 spell: Shroud of Golubria
  2007 | D:3      | Found a burning altar of Makhleb.
  2465 | D:4      | Reached skill level 4 in Translocations
  2465 | D:4      | Reached XP level 5. HP: 13/41 MP: 8/10
  2517 | D:4      | Found a staircase to the Ecumenical Temple.
  2531 | Temple   | Entered the Ecumenical Temple
  2871 | D:3      | HP: 2/41 [orc wizard/dagger (2)]
  2873 | D:3      | Slain by an orc wizard

Action                   |  1- 3 |  4- 6 || total
-------------------------+-------+-------++-------
Melee: Unarmed           |   143 |   186 ||   329
Throw: Tomahawk          |     5 |       ||     5
       Stone             |    20 |    19 ||    39
       Javelin           |       |     6 ||     6
 Cast: Shroud of Golubri |       |     1 ||     1
       Blink             |       |     1 ||     1
Evoke: Wand              |       |     1 ||     1
  Use: Scroll            |     1 |     1 ||     2
       Potion            |       |     4 ||     4
  Eat: Chunk             |    11 |    15 ||    26
